Map: [ESL] Site Delta

Players

SKillous

  • Race: Protoss Protoss
  • Spawn Location: 11:00

Elazer - Winner!

  • Race: Zerg Zerg
  • Spawn Location: 5:00

Event: ESL SC2 Masters 2024 Spring (Regional)

VOD

Have the link to the VOD?

Description

Time

  • Played on: April 12, 2024, 11:23 a.m.
  • Length: 14:28

All games in this series

Show
View Real Time Build Order
Export as new Build Order

SKillous Protoss 

Build Orders: 1 Gate Expand, Oracle Opening 

Get SALT Encoding   

  12  0:00  Probe  
  13  0:13  Pylon  
  13  0:18  Probe (Chrono Boost)  
  14  0:27  Probe (Chrono Boost)  
  15  0:32  Probe (Chrono Boost)  
  16  0:42  Gateway  
  16  0:44  Probe  
  16  0:48  Assimilator  
  17  0:56  Probe  
  18  1:08  Probe  
  19  1:20  Probe  
  20  1:26  Nexus  
  20  1:34  Cybernetics Core  
  20  1:37  Probe  
  21  1:42  Assimilator  
  21  1:49  Probe  
  21  1:52  Pylon  
  22  2:01  Probe  
  23  2:08  Adept (Chrono Boost)  
  23  2:13  Probe  
  26  2:18  Stargate  
  26  2:25  Probe  
  27  2:30  Warp Gate, Adept (Chrono Boost)  
  29  2:37  Probe (Chrono Boost)  
  29  2:44  Probe (Chrono Boost)  
  31  2:47  Probe (Chrono Boost)  
  31  2:51  Probe (Chrono Boost)  
  33  2:52  Probe (Chrono Boost)  
  33  2:53  Adept  
  36  3:02  Probe  
  36  3:03  Oracle (Chrono Boost)  
  37  3:06  Probe  
  37  3:10  Pylon  
  41  3:14  Probe  
  41  3:17  Gateway  
  41  3:18  Probe  
  43  3:26  Probe  
  44  3:30  Probe  
  44  3:33  Oracle (Chrono Boost)  
  48  3:38  Probe  
  49  3:42  Probe  
  48  3:50  Probe  
  48  3:52  Nexus  
  48  3:54  Pylon  
  49  3:58  Probe  
  49  4:01  Oracle (Chrono Boost)  
  50  4:05  Probe  
  50  4:07  Assimilator  
  50  4:09  Assimilator  
  54  4:13  Pylon  
  54  4:17  Adept x2  
  54  4:19  Probe  
  54  4:20  Probe  
  60  4:31  Probe  
  61  4:32  Probe  
  61  4:33  Twilight Council  
  61  4:34  Forge  
  62  4:43  Probe (Chrono Boost)  
  62  4:45  Probe (Chrono Boost)  
  65  4:53  Probe (Chrono Boost)  
  65  4:54  Probe (Chrono Boost)  
  65  4:56  Gateway  
  65  4:59  Gateway  
  62  5:06  Blink (Chrono Boost)  
  60  5:09  Probe x2 (Chrono Boost)  
  60  5:12  Probe (Chrono Boost)  
  60  5:13  Protoss Ground Weapons Level 1  
  63  5:16  Gateway  
  63  5:18  Gateway  
  65  5:23  Probe (Chrono Boost)  
  65  5:24  Stalker, Probe x2 (Chrono Boost)  
  65  5:27  Stalker  
  70  5:28  Probe (Chrono Boost)  
  70  5:29  Shield Battery  
  70  5:31  Probe x2  
  73  5:39  Probe  
  73  5:42  Pylon  
  74  5:43  Probe x2  
  74  5:49  Stalker  
  78  5:50  Stalker  
  78  5:51  Probe  
  78  5:53  Robotics Facility  
  78  5:55  Pylon, Probe  
  78  5:56  Probe  
  84  6:04  Assimilator  
  84  6:05  Assimilator  
  84  6:07  Stalker x2  
  89  6:11  Templar Archives  
  89  6:14  Stalker x2  
  89  6:15  Stalker  
  89  6:18  Stalker  
  95  6:19  Probe  
  95  6:20  Probe  
  95  6:21  Probe  
  98  6:29  Pylon  
  98  6:30  Pylon  
  98  6:31  Probe  
  99  6:35  Psionic Storm  
  100  6:40  Stalker  
  100  6:45  Observer (Chrono Boost)  
  100  6:46  Charge (Chrono Boost)  
  101  6:51  Nexus  
  102  6:54  Pylon  
  102  6:57  Zealot x3, High Templar  
  110  7:08  Gateway  
  107  7:09  Gateway  
  107  7:14  Warp Prism (Chrono Boost), Photon Cannon  
  107  7:16  High Templar  
  107  7:17  High Templar  
  113  7:24  Zealot, High Templar  
  113  7:25  Zealot  
  113  7:28  Protoss Ground Weapons Level 2 (Chrono Boost)  
  119  7:31  Gateway  
  119  7:33  Gateway  
  119  7:36  Shield Battery  
  119  7:38  Shield Battery  
  119  7:41  Photon Cannon  
  119  7:42  High Templar  
  121  7:45  Photon Cannon  
  121  7:46  Photon Cannon  
  121  7:48  Pylon  
  121  7:50  High Templar  
  122  8:04  Pylon  
  122  8:05  Zealot x4  
  130  8:07  Photon Cannon  
  130  8:12  Probe  
  124  8:21  Stalker  
  124  8:22  Zealot  
  124  8:25  Archon  
  124  8:27  Immortal (Chrono Boost)  
  124  8:30  Pylon  
  124  8:33  Probe  
  124  8:34  Probe  
  120  8:36  Stalker x5  
  120  8:37  Zealot  
  120  8:39  Zealot, Archon  
  117  8:42  Zealot  
  117  8:46  Probe  
  117  8:47  Probe x2  
  98  8:52  Zealot  
  86  9:00  Zealot x2  
  81  9:07  Probe x2 (Chrono Boost)  
  81  9:12  High Templar x2  
  81  9:13  High Templar x2, Probe x2 (Chrono Boost)  
  81  9:16  Probe (Chrono Boost)  
  88  9:19  Stalker  
  87  9:26  High Templar  
  87  9:29  Probe  
  87  9:30  Probe x2  
  92  9:41  Probe  
  92  9:42  High Templar x2  
  97  9:46  Archon  
  97  9:47  Zealot x4  
  97  9:48  Zealot  
  103  10:00  Protoss Ground Armor Level 1 (Chrono Boost)  
  85  10:08  Archon  
  85  10:11  Zealot, Stalker x5  
  89  10:16  Probe x2  
  89  10:17  Probe  
  89  10:20  High Templar x2  
  96  10:27  Warp Prism (Chrono Boost)  
  97  10:28  Probe  
  97  10:29  Probe  
  97  10:30  Pylon  
  97  10:35  Zealot  
  102  10:38  High Templar  
  102  10:41  Shield Battery  
  104  10:51  Zealot  
  106  10:57  Pylon  
  106  10:58  Nexus  
  106  11:01  Observer (Chrono Boost)  
  104  11:07  High Templar  
  104  11:08  High Templar  
  109  11:13  Archon  
  109  11:15  Immortal (Chrono Boost)  
  109  11:17  Shield Battery  
  111  11:19  Photon Cannon  
  111  11:20  Pylon  
  111  11:25  High Templar x2  
  115  11:29  Pylon  
  115  11:30  Zealot x4  
  115  11:37  Shield Battery  
  115  11:38  Fleet Beacon  
  115  11:39  Photon Cannon  
  113  11:40  Archon  
  113  11:41  Zealot x3  
  113  11:46  Warp Prism (Chrono Boost)  
  121  11:48  Photon Cannon  
  121  11:55  Shield Battery  
  121  11:56  Zealot  
  121  12:01  Photon Cannon  
  119  12:08  Zealot  
  119  12:09  Zealot  
  121  12:20  High Templar  
  121  12:21  High Templar  
  131  12:25  Archon  
  131  12:26  Mothership (Chrono Boost)  
  131  12:28  Shield Battery  
  129  12:30  Pylon  
  129  12:35  High Templar  
  129  12:38  Probe x2  
  129  12:39  Probe  
  129  12:40  Carrier (Chrono Boost)  
  132  12:44  Assimilator  
  132  12:48  Assimilator  
  132  12:49  Pylon  
  132  12:50  Probe  
  139  12:57  Pylon, Probe x2 (Chrono Boost)  
  139  13:04  Immortal  
  138  13:07  Probe (Chrono Boost)  
  138  13:08  Stargate  
  144  13:14  Probe x2 (Chrono Boost)  
  144  13:17  Probe (Chrono Boost)  
  135  13:22  Probe x2 (Chrono Boost)  
  137  13:29  Pylon  
  137  13:32  Probe (Chrono Boost)  
  140  13:35  Probe (Chrono Boost)  
  140  13:38  Probe x2 (Chrono Boost)  
  140  13:41  Probe (Chrono Boost)  
  144  13:50  Observer  
  144  13:53  Zealot x7  
  138  14:01  Zealot x3  
  100  14:17  Zealot x3  
Show
View Real Time Build Order
Export as new Build Order

Elazer Zerg - Winner!

Build Orders: Hatch First, Lurkers 

Get SALT Encoding   

  12  0:00  Drone  
  13  0:12  Overlord  
  13  0:16  Drone  
  14  0:30  Drone x2  
  16  0:48  Hatchery  
  15  0:51  Drone  
  15  0:54  Drone  
  17  0:57  Drone  
  18  1:08  Extractor  
  17  1:13  Spawning Pool  
  17  1:16  Drone  
  17  1:20  Drone  
  18  1:28  Drone  
  19  1:39  Drone  
  20  1:50  Overlord  
  20  2:00  Queen x2  
  20  2:01  Zergling x2, Drone  
  26  2:12  Zergling x2  
  26  2:13  Metabolic Boost, Drone  
  28  2:21  Zergling x2  
  28  2:22  Drone  
  30  2:31  Drone  
  30  2:32  Drone  
  30  2:36  Queen  
  34  2:47  Hatchery  
  33  2:51  Overlord  
  33  2:55  Zergling x2  
  33  2:56  Zergling x2  
  33  2:58  Drone  
  36  3:08  Overlord  
  36  3:09  Queen  
  36  3:11  Drone  
  39  3:13  Drone  
  39  3:17  Drone x2  
  41  3:29  Drone x3  
  41  3:32  Drone  
  43  3:36  Drone  
  44  3:41  Queen  
  44  3:42  Drone x4  
  44  3:46  Overlord  
  44  3:48  Drone  
  50  3:56  Drone  
  50  3:57  Drone x2  
  50  4:00  Drone  
  53  4:03  Queen  
  53  4:04  Spore Crawler  
  53  4:05  Drone  
  53  4:06  Drone  
  53  4:09  Drone  
  57  4:12  Drone x2  
  57  4:14  Drone x2  
  61  4:17  Overlord  
  61  4:21  Drone x2  
  63  4:25  Spore Crawler  
  63  4:29  Drone x3  
  63  4:30  Drone  
  64  4:33  Drone  
  64  4:36  Drone  
  66  4:43  Overlord, Drone x3  
  66  4:44  Lair  
  69  4:46  Zergling x4  
  69  4:47  Zergling x2  
  70  4:57  Drone x4  
  71  5:02  Overlord  
  71  5:04  Drone x3  
  71  5:05  Drone  
  71  5:14  Drone x7  
  71  5:17  Drone x2, Extractor  
  71  5:18  Extractor  
  71  5:19  Evolution Chamber  
  71  5:20  Drone  
  78  5:21  Extractor  
  78  5:22  Extractor  
  78  5:26  Overlord  
  78  5:27  Drone  
  77  5:30  Drone  
  77  5:32  Overlord  
  77  5:34  Extractor  
  77  5:36  Overlord  
  77  5:38  Drone  
  77  5:39  Drone  
  77  5:40  Drone  
  80  5:45  Drone  
  80  5:47  Overlord  
  80  5:48  Hydralisk Den  
  80  5:51  Drone x3  
  80  5:52  Drone  
  80  5:54  Overlord  
  80  5:55  Zergling x6  
  87  5:57  Zerg Missile Weapons Level 1  
  86  6:07  Zergling x10  
  86  6:08  Overseer  
  86  6:09  Overlord  
  91  6:13  Hatchery  
  91  6:14  Drone  
  91  6:15  Baneling Nest  
  91  6:17  Hydralisk x3, Grooved Spines  
  96  6:21  Hydralisk  
  96  6:23  Hydralisk  
  100  6:27  Hydralisk x2  
  100  6:30  Overlord  
  104  6:39  Hydralisk x4  
  112  6:46  Hydralisk x2  
  116  6:51  Hydralisk x2  
  120  6:58  Overlord  
  120  6:59  Hydralisk x3  
  126  7:02  Zergling x12  
  126  7:03  Zergling x2  
  133  7:09  Zergling x4  
  133  7:12  Muscular Augments  
  133  7:13  Centrifugal Hooks  
  135  7:17  Zergling x2  
  135  7:18  Zergling x4  
  135  7:22  Zergling x2  
  139  7:31  Baneling x10  
  139  7:32  Zergling x18  
  139  7:35  Baneling  
  139  7:36  Zergling x4  
  149  7:44  Baneling x6  
  149  7:48  Zergling x2  
  149  7:49  Zergling x6  
  151  7:54  Hatchery  
  150  7:59  Zergling x2  
  150  8:01  Overlord x2  
  150  8:02  Baneling x12  
  150  8:03  Baneling  
  149  8:06  Zergling x2  
  149  8:07  Zergling x2  
  140  8:25  Hydralisk x8  
  143  8:28  Zergling x10  
  143  8:34  Zergling x10  
  137  8:43  Hydralisk x4  
  137  8:48  Zergling x6  
  137  8:53  Hydralisk x2  
  137  8:54  Zergling x2  
  137  8:55  Zergling x2  
  127  9:00  Zergling x2  
  127  9:01  Zergling x6  
  123  9:04  Zergling x2  
  123  9:05  Zergling x4  
  123  9:09  Zergling x2  
  123  9:12  Baneling  
  123  9:14  Zergling x4  
  118  9:19  Zergling x2  
  118  9:22  Zergling x2  
  117  9:24  Zergling x20  
  117  9:30  Zergling x8  
  130  9:32  Baneling x2  
  130  9:33  Baneling x4  
  130  9:34  Baneling  
  130  9:39  Baneling  
  130  9:40  Baneling x7  
  130  9:46  Zergling x8  
  130  9:49  Baneling  
  130  9:51  Zergling x6  
  123  10:05  Zergling x14  
  123  10:06  Zergling x8  
  109  10:15  Infestation Pit, Drone  
  109  10:18  Zerg Missile Weapons Level 2  
  109  10:19  Hydralisk  
  109  10:20  Hydralisk  
  113  10:28  Overseer, Hydralisk x4, Hatchery  
  112  10:32  Drone x4  
  124  10:38  Hydralisk  
  124  10:39  Hydralisk x2  
  130  10:50  Hydralisk x3  
  130  10:52  Hive  
  130  10:55  Lurker Den  
  135  11:07  Drone x5  
  135  11:08  Drone x4  
  143  11:17  Overlord  
  143  11:18  Overlord x2  
  143  11:29  Overlord  
  143  11:37  Drone x2  
  143  11:38  Drone x3, Extractor x2  
  143  11:39  Drone x3  
  149  11:40  Hydralisk x6, Drone x2  
  163  11:49  Spine Crawler, Drone x3  
  163  11:50  Queen  
  163  11:52  Baneling  
  163  11:53  Baneling x10  
  167  11:55  Hydralisk x4  
  175  12:04  Seismic Spines  
  174  12:10  Zergling x14  
  179  12:23  Lurker x2  
  181  12:31  Spine Crawler, Spore Crawler  
  181  12:34  Adrenal Glands  
  181  12:36  Spore Crawler, Drone x3  
  181  12:38  Overlord x2, Spine Crawler  
  181  12:39  Spine Crawler x2  
  181  12:41  Spine Crawler  
  181  12:43  Lurker  
  181  12:44  Lurker x3  
  181  12:49  Drone x2  
  181  12:50  Hatchery  
  178  13:01  Lurker x6, Adaptive Talons  
  181  13:11  Drone x6  
  181  13:23  Lurker x4  
  181  13:26  Lurker  
  185  13:30  Zergling x2  
  185  13:31  Zergling x26  
  195  13:44  Overseer  
  190  13:54  Hydralisk  
  190  13:55  Hydralisk x8  
  184  14:00  Overseer  
  175  14:02  Hydralisk  
  175  14:03  Hydralisk x2  
  173  14:21  Extractor  
  173  14:22  Extractor, Spire  
Tags
 
Add a new tag
Caveats
  • Supply blocks, unpowered buildings, or Contaminate may cause inaccurate times.
  • Supply counts are checked every 10 seconds.